Match 40573824
Unlisted

Match 40573824
End
Kradschützen Motorcycle Team
Panzerpioneer Squad
Selects Panzerjäger Kommand Battlegroup
250 Light Carrier
Construct Light Support Kompanie
MG34 Team
Selects GrB 39 Grenade Launcher Requisition
Selects Blockade Equipment
Assault Grenadier Squad
Construct Mechanized Kompanie
Panzerjäger Mechanized Group
Support Armor Elements
Combat Half-tracks
Vehicle Survival Package
Emergency Repair Kits
Selects Defensive Positions
Selects Butterfly Bomb Drop
Marder III Tank Destroyer
Butterfly Bomb Drop
18-tonne Recovery Half-track
Quejour
Elan
frostie
Dromaeda
Guh
BATTLEDANNY1
0
0

Comments sign in to comment!

No comments posted yet!